Map: 나이트쉐이드 - 래더

Players

Stats - Winner!

  • Race: Protoss Protoss
  • League: Grandmaster
  • Spawn Location: 11:00

Armani

  • Race: Zerg Zerg
  • League: Grandmaster
  • Spawn Location: 5:00

VOD

Have the link to the VOD?

Description

Time

  • Played on: Jan. 9, 2020, 4:27 a.m.
  • Length: 13:54
Show
View Real Time Build Order
Export as new Build Order

Stats Protoss - Winner!

Build Orders: 1 Gate Expand, Oracle Opening, Phoenix Opening, Carriers 

Get SALT Encoding   

  12  0:00  Probe  
  13  0:12  Probe  
  14  0:19  Pylon  
  14  0:25  Probe  
  15  0:37  Probe (Chrono Boost)  
  16  0:43  Gateway  
  16  0:47  Probe (Chrono Boost), Assimilator  
  17  0:52  Probe (Chrono Boost)  
  18  1:03  Probe  
  19  1:16  Probe  
  20  1:23  Nexus  
  20  1:33  Cybernetics Core  
  20  1:36  Probe  
  21  1:41  Assimilator  
  21  1:48  Probe  
  21  1:51  Pylon  
  22  2:00  Probe  
  23  2:07  Adept (Chrono Boost)  
  23  2:12  Probe  
  23  2:15  Stargate  
  26  2:24  Warp Gate  
  26  2:25  Probe (Chrono Boost)  
  26  2:27  Adept (Chrono Boost)  
  27  2:35  Probe (Chrono Boost)  
  32  2:44  Probe (Chrono Boost)  
  32  2:45  Probe (Chrono Boost)  
  32  2:49  Probe (Chrono Boost)  
  32  2:50  Adept  
  35  2:52  Probe  
  36  2:58  Phoenix  
  36  3:01  Probe  
  36  3:04  Probe  
  40  3:17  Probe x2  
  42  3:21  Oracle (Chrono Boost)  
  41  3:28  Gateway  
  41  3:30  Probe x2  
  43  3:37  Assimilator  
  43  3:39  Assimilator  
  43  3:43  Pylon  
  43  3:45  Probe x2  
  45  3:57  Probe  
  45  4:01  Probe  
  47  4:05  Stargate  
  47  4:08  Pylon  
  47  4:09  Probe  
  48  4:13  Probe  
  49  4:21  Probe  
  49  4:23  Fleet Beacon  
  50  4:25  Probe, Adept  
  50  4:27  Pylon  
  50  4:30  Adept  
  55  4:37  Probe x2  
  57  4:42  Pylon  
  57  4:49  Adept  
  57  4:52  Void Ray x2 (Chrono Boost)  
  57  4:58  Pylon  
  65  5:07  Unknown  
  65  5:12  Nexus  
  65  5:14  Probe x2  
  67  5:24  Void Ray (Chrono Boost)  
  67  5:28  Void Ray (Chrono Boost)  
  71  5:31  Probe  
  71  5:32  Probe  
  77  5:37  Pylon  
  77  5:45  Zealot  
  77  5:46  Zealot  
  77  5:48  Shield Battery  
  77  5:49  Probe x2  
  83  6:00  Assimilator  
  83  6:04  Assimilator  
  83  6:08  Probe x2  
  85  6:13  Carrier (Chrono Boost)  
  91  6:20  Carrier (Chrono Boost)  
  91  6:23  Probe x3  
  96  6:35  Probe  
  96  6:36  Probe x2, Shield Battery  
  99  6:40  Stargate  
  99  6:42  Shield Battery  
  99  6:52  Probe x3  
  99  6:53  Zealot x2  
  106  6:55  Protoss Air Weapons Level 1  
  106  7:04  Probe x3  
  107  7:12  Pylon  
  107  7:14  Pylon  
  105  7:16  Probe x3  
  108  7:27  Carrier (Chrono Boost)  
  108  7:29  Carrier (Chrono Boost)  
  109  7:36  Pylon  
  120  7:38  Pylon  
  120  7:43  Pylon  
  120  7:44  Probe  
  121  7:52  Carrier (Chrono Boost)  
  121  7:56  Probe, Mothership  
  136  7:59  Pylon  
  136  8:19  Zealot  
  138  8:20  Zealot  
  138  8:22  Twilight Council  
  138  8:24  Forge, Robotics Facility  
  140  8:27  Pylon, Nexus  
  140  8:32  Carrier (Chrono Boost)  
  146  8:42  Carrier (Chrono Boost)  
  152  8:53  Carrier (Chrono Boost)  
  158  8:58  Shield Battery  
  158  9:02  Charge  
  158  9:03  Protoss Ground Weapons Level 1 (Chrono Boost)  
  158  9:04  Photon Cannon  
  158  9:07  Photon Cannon  
  158  9:19  Templar Archives  
  158  9:26  Gateway x2  
  158  9:30  Gateway  
  158  9:33  Photon Cannon  
  158  9:34  Psionic Storm  
  158  9:46  Gateway  
  158  9:47  Gateway x2  
  158  9:57  High Templar x2  
  162  10:00  Assimilator  
  162  10:04  Probe x4  
  162  10:05  Assimilator  
  166  10:15  Gateway x2  
  166  10:16  Probe x4  
  170  10:25  High Templar x2  
  170  10:26  Pylon  
  170  10:27  Pylon  
  174  10:32  High Templar x2, Protoss Air Weapons Level 2 (Chrono Boost)  
  178  10:40  Photon Cannon  
  178  10:47  Observer (Chrono Boost)  
  179  10:56  High Templar x2, Zealot x2  
  187  10:59  Warp Prism (Chrono Boost)  
  187  11:00  Archon  
  189  11:09  High Templar x2  
  189  11:10  Zealot x2  
  195  11:13  Archon  
  195  11:32  Protoss Ground Weapons Level 2 (Chrono Boost)  
  195  11:34  Nexus  
  195  11:37  Pylon  
  195  11:40  Pylon  
  195  11:41  Forge  
  195  11:42  Cybernetics Core  
  177  12:01  High Templar x2  
  177  12:02  High Templar x2  
  177  12:05  High Templar x2  
  177  12:06  Zealot x3  
  177  12:07  Zealot  
  197  12:13  Photon Cannon  
  197  12:15  Photon Cannon  
  197  12:17  Photon Cannon  
  197  12:19  Photon Cannon  
  197  12:21  Photon Cannon  
  197  12:22  Shield Battery  
  197  12:24  Shield Battery  
  197  12:26  Shield Battery  
  197  12:28  Shield Battery  
  197  12:32  Assimilator  
  197  12:34  Assimilator  
  193  13:09  Zealot x2  
  193  13:10  Zealot x2  
Show
View Real Time Build Order
Export as new Build Order

Armani Zerg 

Build Orders: Hatch First, Lurkers 

Get SALT Encoding   

  12  0:00  Drone  
  13  0:12  Overlord  
  13  0:17  Drone  
  14  0:30  Drone x2  
  16  0:47  Hatchery  
  15  0:51  Drone  
  15  0:54  Drone  
  17  0:58  Drone  
  18  1:09  Extractor  
  17  1:12  Spawning Pool  
  17  1:15  Drone  
  17  1:19  Drone  
  18  1:28  Drone  
  19  1:39  Drone  
  20  1:52  Overlord  
  20  1:59  Queen x2  
  20  2:00  Zergling x4  
  26  2:10  Metabolic Boost  
  26  2:12  Drone  
  26  2:14  Drone  
  28  2:21  Drone  
  28  2:22  Drone  
  30  2:38  Hatchery  
  30  2:42  Drone  
  30  2:47  Queen  
  32  2:53  Zergling x6  
  35  3:00  Overlord  
  35  3:03  Drone  
  36  3:06  Overlord  
  35  3:17  Overlord  
  35  3:18  Drone  
  35  3:19  Drone  
  36  3:20  Drone  
  36  3:22  Drone  
  37  3:28  Queen  
  37  3:31  Drone  
  40  3:35  Drone  
  40  3:36  Drone  
  40  3:40  Drone  
  43  3:47  Drone  
  44  3:49  Drone  
  44  3:50  Drone, Queen  
  44  3:54  Spore Crawler  
  46  3:56  Drone  
  46  3:57  Drone  
  46  4:01  Drone x2  
  48  4:04  Spore Crawler  
  48  4:07  Drone x2  
  49  4:13  Zergling x8  
  49  4:16  Drone  
  53  4:20  Drone  
  53  4:21  Drone  
  53  4:22  Drone  
  56  4:25  Drone  
  56  4:28  Lair  
  57  4:31  Overlord  
  57  4:34  Overlord  
  57  4:39  Drone  
  57  4:40  Extractor  
  57  4:41  Extractor  
  57  4:42  Overlord  
  57  4:44  Drone  
  57  4:46  Drone  
  57  4:50  Drone  
  57  4:51  Drone  
  57  4:52  Drone x4  
  61  4:54  Drone  
  61  4:56  Drone x2  
  64  5:07  Drone  
  64  5:09  Zergling x10  
  64  5:10  Extractor  
  69  5:14  Drone  
  69  5:15  Zergling x8  
  74  5:21  Overlord  
  74  5:24  Overlord  
  74  5:25  Zergling x2  
  75  5:29  Hydralisk Den  
  75  5:31  Overlord  
  75  5:34  Overlord  
  74  5:39  Overlord  
  74  5:40  Drone x2  
  76  5:43  Overseer, Overlord  
  76  5:50  Overlord  
  76  5:58  Grooved Spines, Hydralisk x6  
  76  6:03  Hydralisk x2  
  92  6:07  Hydralisk  
  94  6:15  Drone x4  
  94  6:17  Extractor  
  94  6:18  Extractor  
  96  6:22  Hydralisk x3  
  96  6:23  Overlord  
  102  6:25  Overlord  
  102  6:32  Drone x5  
  102  6:35  Drone  
  102  6:39  Drone  
  104  6:42  Drone  
  104  6:43  Overseer, Evolution Chamber  
  104  6:44  Drone  
  104  6:45  Drone  
  104  6:46  Drone  
  107  6:53  Drone  
  105  6:55  Drone  
  105  6:56  Drone x4  
  105  6:58  Drone  
  110  7:01  Drone  
  110  7:05  Drone  
  110  7:06  Drone  
  110  7:08  Hydralisk x3  
  109  7:10  Muscular Augments  
  109  7:13  Spore Crawler x2  
  109  7:15  Zerg Missile Weapons Level 1  
  109  7:16  Spore Crawler  
  109  7:17  Drone  
  109  7:32  Zergling x16  
  109  7:36  Infestation Pit  
  115  7:40  Spore Crawler, Hatchery  
  113  7:44  Drone  
  113  7:45  Drone, Hydralisk x4  
  113  7:49  Overlord  
  123  7:57  Hydralisk x2  
  123  7:58  Hydralisk x2  
  130  8:18  Hive, Pathogen Glands  
  130  8:23  Drone x15  
  145  8:28  Spore Crawler  
  145  8:29  Overlord x2  
  144  8:39  Overlord  
  144  8:40  Overlord  
  144  8:41  Overlord  
  144  8:43  Extractor  
  144  8:44  Extractor  
  144  8:45  Overlord  
  144  8:47  Overlord  
  142  8:50  Spore Crawler, Hydralisk x4  
  149  8:59  Drone  
  149  9:00  Infestor x3  
  156  9:03  Infestor  
  156  9:05  Infestor  
  156  9:07  Drone  
  156  9:08  Drone x2  
  156  9:09  Drone  
  164  9:15  Hydralisk, Unknown  
  164  9:16  Hydralisk x2  
  170  9:18  Zerg Missile Weapons Level 2  
  170  9:30  Viper  
  173  9:31  Hatchery  
  173  9:36  Viper  
  174  9:39  Hydralisk  
  174  9:42  Hydralisk  
  178  9:48  Hydralisk x3  
  184  9:56  Hydralisk x2  
  184  9:57  Hydralisk x2  
  192  10:02  Hydralisk x2  
  192  10:06  Hydralisk  
  198  10:09  Overseer  
  198  10:37  Spore Crawler  
  198  10:38  Hydralisk  
  198  10:40  Zergling x2  
  200  10:46  Spire  
  200  10:47  Overlord  
  198  10:54  Spore Crawler x2  
  191  11:07  Lurker Den  
  190  11:15  Hydralisk x5  
  188  11:33  Hydralisk x5  
  188  11:36  Overseer  
  188  11:37  Overseer  
  198  11:43  Drone  
  198  11:46  Extractor  
  198  11:48  Extractor  
  197  12:00  Zerg Flyer Weapons Level 1  
  194  12:05  Seismic Spines  
  194  12:07  Lurker x5  
  199  12:29  Evolution Chamber  
  180  12:51  Drone x3  
  180  12:53  Corruptor x12  
  180  12:54  Corruptor  
  196  13:08  Corruptor  
  196  13:11  Overlord x2  
  197  13:14  Hatchery  
  197  13:16  Spine Crawler  
  197  13:18  Spine Crawler  
  194  13:21  Hydralisk x2  
  194  13:22  Spine Crawler  
Tags
 
Add a new tag
Caveats
  • Supply blocks, unpowered buildings, or Contaminate may cause inaccurate times.
  • Supply counts are checked every 10 seconds.